[Event "Late-Titled-Tuesday-Blitz-February-20-2024"]
[Site "Chess.com"]
[Date "2024.02.20"]
[Round "11"]
[White "DanielNaroditsky"]
[Black "Genghis_K"]
[Result "1-0"]
[WhiteElo "3092"]
[BlackElo "2953"]
[TimeControl "180+1"]
[EndTime "16:07:11 PST"]
[Termination "DanielNaroditsky won by checkmate"]

1. e4 c5 2. c3 Nf6 3. e5 Nd5 4. Nf3 Nc6 5. Bc4 Nb6 6. Bb3 d5 7. exd6 Qxd6 8. O-O Be6 9. Bxe6 Qxe6 10. a4 Nd5 11. d4 cxd4 12. Nxd4 Qd7 13. Nb5 e6 14. c4 Ndb4 15. Qe2 Rd8 16. N1c3 Qd3 17. Nc7+ Kd7 18.
Rd1 Qxd1+ 19. Qxd1+ Kxc7 20. Bf4+ e5 21. Nb5+ Kc8 22. Qg4+ Kb8 23. Be3 Nc2 24. Rd1 Be7 25. Rd5 Nxe3 26. fxe3 g6 27. Nc3 f5 28. Qg3 a6 29.
Rxd8+ Rxd8 30. Nd5 Bd6 31. Qh4 Rd7 32. Qf6 Ka7 33. h4 Bc5 34. Kf1 a5 35. h5 f4 36.
exf4 exf4 37. hxg6 hxg6 38. Qxg6 Rd6 39. Qe4 Rd8 40.
Nc3 Rd2 41. Qxf4 Rxb2 42. Nb5+ Ka6 43. Qe4 Ra2 44. g4 Rxa4 45. g5 Ra1+ 46. Ke2 Rg1 47.
g6 a4 48. Qe8 a3 49. Qa8+ Kb6 50. Nxa3 Rg2+ 51. Kf1 Rxg6 52. Nb5 Rf6+ 53. Ke1 Re6+ 54. Kd1 Re4 55. Qg8 Rf4 56. Nc3 Rf1+ 57. Ke2 Rf2+ 58. Ke1 Rc2 59. Na4+ Ka5 60. Nxc5 Kb4 61. Nxb7 Nd4 62.
Qf8+ Kc3 63. Qa3+ Kxc4 64. Nd6+ Kd5 65. Kd1 Rc6 66. Ne8 Nb5 67. Qb3+ Kc5 68. Qe3+ Kc4 69. Qe4+ Kc5 70. Qe3+ Kc4 71. Ng7 Rd6+ 72. Kc1 Nd4 73.
Qe4 Kc3 74. Qe3+ Kc4 75. Qe4 Kc3 76. Qe1+ Kc4 77. Ne8 Nb3+ 78. Kc2 Rd2+ 79. Kb1 Kc3 80. Qe3+ Rd3 81. Qe5+ Kc4 82. Nd6+ Kb4 83. Qb5+ Kc3 84. Qc6+ Kd4 85. Qe4+ Kc3 86. Nb5+ Kd2 87. Kb2 Nd4 88. Nxd4 Re3 89. Qf4 Kd3 90. Nf3 Re2+ 91. Kb3 Re4 92. Qd2# 1-0

[Event "Late-Titled-Tuesday-Blitz-February-20-2024"]
[Site "Chess.com"]
[Date "2024.02.20"]
[Round "11"]
[White "wild3000"]
[Black "Ajedrez_con_German"]
[Result "0-1"]
[WhiteElo "2399"]
[BlackElo "2611"]
[TimeControl "180+1"]
[EndTime "16:08:24 PST"]
[Termination "Ajedrez_con_German won by checkmate"]

1. d4 e6 2. Nf3 Nf6 3. g3 b6 4. Bg2 Bb7 5. O-O Be7 6. c4 O-O 7. Nc3 Ne4 8. Qc2 Nxc3 9. bxc3 f5 10. a4 a5 11. Ba3 Bxa3 12. Rxa3 Qe7 13. Rb3 Be4 14.
Qb2 d6 15. Nd2 Bxg2 16. Kxg2 e5 17. e3 Nd7 18. Rb5 Rae8 19. Qc2 f4 20. exf4 exf4 21. Qd3 Qe2 22. Qxe2 Rxe2 23. Nf3 Nf6 24. c5 Ng4 25. cxb6 cxb6 26. Kg1 fxg3 27. fxg3 Ne3 28. Rf2 Rxf2 29. Kxf2 Nd1+ 30. Kg2 Nxc3 31. Rxb6 Ra8 32. Rxd6 Nxa4 33. Ne5 Nc3 34. Rc6 Nd5 35. Nc4 a4 36. Na3 Rd8 37. Ra6 Nc3 38. Nc2 Rc8 39.
Kf3 Nd5 40. Na3 Rc3+ 41. Ke4 Nf6+ 42. Kf5 Rxa3 43. g4 Rf3+ 44. Kg5 Kf7 45. Ra7+ Kf8 46. Rxa4 Re3 47. Kf5 Rf3+ 48. Kg5 Rf2 49. h4 Re2 50. Kf5 Kf7 51. Ra7+ Re7 52. Ra6 Rd7 53. g5 Rd5+ 54. Kf4 Rxd4+ 55. Ke5 Re4+ 56. Kf5 Rxh4 57. gxf6 g6+ 58.
Kg5 Rh5+ 59. Kg4 h6 60. Ra7+ Kxf6 61. Ra6+ Kg7 62. Ra7+ Kg8 63. Ra8+ Kf7 64. Ra7+ Kf8 65. Ra8+ Ke7 66. Ra7+ Ke8 67. Ra8+ Kd7 68. Ra7+ Kd8 69. Rg7 Rg5+ 70. Kf4 Ke8 71. Rh7 Rf5+ 72. Kg4 h5+ 73.
Kh4 Kf8 74. Rc7 Kg8 75. Rb7 Rf7 76. Rb6 Kg7 77. Rc6 Kh6 78. Rd6 Rf4+ 79. Kg3 Ra4 80. Kh3 Ra3+ 81. Kh4 Ra4+ 82. Kh3 Ra5 83. Kh4 Re5 84.
Kg3 Kg5 85. Rd3 Rf5 86. Kh3 h4 87. Re3 Kh5 88. Re6 Rf3+ 89. Kg2 Rf5 90. Kh3 g5 91. Re4 Rf3+ 92. Kg2 Rf4 93. Re3 Kg4 94. Kh2 Rf2+ 95. Kg1 Rf3 96. Re4+ Rf4 97. Re3 h3 98. Kh2 Rf2+ 99.
Kg1 Ra2 100. Kh1 Kh4 101. Re1 g4 102. Re4 Kg3 103. Re3+ Kh4 104. Re4 Ra3 105. Kh2 Rb3 106. Kh1 Kg3 107. Re1 Rf3 108. Rg1+ Kh4 109. Re1 Rf4 110. Rg1 g3 111. Re1 Kg4 112. Rd1 Re4 113. Kg1 Kf3 114. Rf1+ Ke3 115. Rc1 Kf4 116. Rf1+ Kg4 117. Rc1 Rf4 118. Rd1 h2+ 119. Kh1 Kh3 120. Re1 g2# 0-1

[Event "Late-Titled-Tuesday-Blitz-February-20-2024"]
[Site "Chess.com"]
[Date "2024.02.20"]
[Round "11"]
[White "BogdanDeac"]
[Black "mishanick"]
[Result "0-1"]
[WhiteElo "3047"]
[BlackElo "3015"]
[TimeControl "180+1"]
[EndTime "16:09:40 PST"]
[Termination "mishanick won by resignation"]

1. d4 Nf6 2. c4 e6 3. Nf3 d5 4. g3 Be7 5. Bg2 O-O 6. O-O dxc4 7. Qc2 a6 8. a4 Bd7 9. Qxc4 b5 10. Qc2 Nc6 11. Bd2 bxa4 12. Rxa4 Nd5 13. Ra1 a5 14. Rd1 Ncb4 15. Qc1 Bb5 16. Nc3 Bc6 17. e4 Nf6 18. Ne5 Bb7 19. Be3 c6 20. b3 Qc7 21. Nc4 Nd7 22. Bf4 Qd8 23. Na4 Ba6 24. Nc5 Bxc4 25. Qxc4 Qc8 26. Na4 Qb7 27. h3 Rfc8 28. Be3 Nf6 29.
Nc5 Qc7 30. Ra4 Nd7 31. Nxd7 Qxd7 32. Rda1 Qd8 33. Kh2 h6 34. h4 Qc7 35. Kg1 Qd8 36. Bf3 Rcb8 37. Kg2 Rb5 38. Bd2 Rc8 39. Be3 Qc7 40. Rd1 Bd6 41. Qc3 Qb8 42. Qc4 Na6 43. Rda1 Bb4 44. Rc1 Be7 45. Rca1 Bd8 46. Rb1 Nb4 47.
Rc1 Rb7 48. Bf4 Qa7 49. Rca1 Qb6 50. Be3 Qc7 51. Rxa5 Qxa5 52. Rxa5 Bxa5 53. Be2 Bd8 54. Bf3 Be7 55. d5 exd5 56. exd5 Rbc7 57. dxc6 Nxc6 58.
Bf4 Ne5 59. Qd5 Rc5 60. Qb7 Nxf3 61. Qxe7 Nd4 62. b4 Rc4 63. Qd7 Ne6 64. Be3 Rd8 65. Qb5 Rcc8 66. Qa6 Ra8 67. Qc6 Rdc8 68. Qd5 Rab8 69.
b5 Nc7 70. Qf5 Nxb5 71. Qg4 Nc7 72. Bxh6 Ne6 73. Be3 Rb2 74. h5 Rc3 75. Qe4 Rbc2 76. h6 Rc4 77. Qa8+ Rc8 78. Qe4 R2c4 79. Qe5 gxh6 80. Bxh6 R4c5 81. Qe3 Rf5 82. Qd2 Rf6 83. Be3 Rg6 84. Qd5 Re8 85. Qf5 Ng7 86. Qd3 Ne6 87. Qd7 Rd8 88. Qe7 Rc8 89. Qd7 Rd8 90.
Qb7 Ng7 91. Bf4 Ne6 92. Be3 Re8 93. Qa7 Rf8 94. Qa4 Ng7 95. Qe4 Re8 96. Qd5 Rge6 97. Qd3 Rg6 98. Qc4 Nf5 99. Bf4 Nh4+ 100. Kf1 Nf5 101.
Qb5 Ng7 102. Be5 Rg5 103. f4 Rh5 104. g4 Rh1+ 105. Kg2 Re1 106. Kf2 Re4 107. Kf3 Re1 108. Kf2 Re4 109. Kf3 Re1 110. Qb4 Rf1+ 111. Kg2 Rd1 112. Qb5 Red8 113. g5 Ne6 114. Kf3 R1d3+ 115. Kg4 Ng7 116. Qb7 R3d7 117. Qb3 Ne6 118. g6 Rd5 119. Qb6 Nf8 120. gxf7+ Kxf7 121.
Qf6+ Ke8 122. Qg7 R5d7 123. Qf6 Rf7 124. Qc6+ Rfd7 125. f5 Kf7 126. Kg5 Ke8 127. Kf4 Kf7 128. Kg5 Ke8 129. Kg4 Kf7 130. Qc4+ Ke8 131. Kf4 Re7 132. Bf6 Red7 133. Bxd8 Rxd8 134. Qc6+ Rd7 135. Kg5 Kf7 136. Qc4+ Kg7 137. Qc3+ Kg8 138. Qc4+ Rf7 139. Qb3 Nh7+ 140. Kg6 Nf8+ 141. Kg5 Kg7 142. Qc3+ Kg8 143. Kg4 Nh7 144. Qc4 Nf6+ 145. Kg5 Nh7+ 146. Kh6 Nf8 147. f6 Nd7 148. Qc8+ Nf8 149. Qg4+ Kh8 150. Qd4 Rh7+ 151. Kg5 Ne6+ 152. Kg6 Nxd4 153. f7 Ne6 154. Kf6 Nf8 0-1